 Dungeon Crawl Stone Soup version 0.29-a0-1052-g6990b1bffc (webtiles) character file.

Game seed: 10061259650130010667

26 ytrimaz the Insei (level 2, -1/21 HPs)
             Began as a Demonspawn Transmuter on Aug 18, 2022.
             Slain by a kobold
             ... wielding a +0 dagger
              (2 damage)
             ... on level 1 of the Dungeon.
             The game lasted 00:00:47 (740 turns).

ytrimaz the Insei (Demonspawn Transmuter)            Turns: 740, Time: 00:00:47

Health: -1/21      AC:  2    Str: 10    XL:     2   Next: 89%
Magic:  5/5        EV: 12    Int: 14    God:
Gold:   55         SH:  0    Dex: 13    Spells: 4/5 levels left

rFire   . . .      SeeInvis .     - Unarmed
rCold   . . .      Faith    .   (no shield)
rNeg    . . .      Spirit   .   a - +0 robe
rPois   .          Reflect  .   (helmet currently unavailable)
rElec   .          Harm     .   (no cloak)
rCorr   .          Rampage  .   (no gloves)
Will    .....                   (boots currently unavailable)
Stlth   +.........              (no amulet)
HPRegen 0.07/turn               (no ring)
MPRegen 0.09/turn               (no ring)

@: appendages (expiring)
A: horns 2, talons 2, hooves 1
a: End Transformation


You were on level 1 of the Dungeon.
You had temporarily grown beastly horns and talons.
You visited 1 branch of the dungeon, and saw 1 of its levels.

You collected 55 gold pieces.

Inventory:

Armour
 a - a +0 robe (worn)
Scrolls
 e - a scroll of magic mapping {unknown}
Potions
 b - a potion of lignification
 c - a potion of invisibility {unknown}
 d - a potion of magic {unknown}


   Skills:
 + Level 1.2 Fighting
 + Level 2.2 Dodging
 + Level 3.4 Unarmed Combat
 - Level 2.0 Spellcasting
 - Level 1.7 Transmutations


You had 4 spell levels left.
You knew the following spells:

 Your Spells              Type           Power      Damage    Failure   Level
a - Beastly Appendage     Tmut           12%        N/A       12%         1

Your spell library contained the following spells:

 Spells                   Type           Power      Damage    Failure   Level
 Wereblood                Tmut           6%         N/A       17%         2
 Spider Form              Tmut/Pois      3%         N/A       45%         3
 Ice Form                 Ice/Tmut       3%         N/A       86%         4


Dungeon Overview and Level Annotations

Branches:
Dungeon (1/15)

Altars:


Innate Abilities, Weirdness & Mutations

You have temporarily grown beastly horns and talons.
You have large cloven feet.


Message History

The kobold barely misses you.
You are too injured to fight recklessly!
You closely miss the quokka. You claw the quokka.
The quokka is severely wounded.
The quokka closely misses you. The kobold barely misses you.
You hit the kobold but do no damage.
The kobold is heavily wounded.
The quokka bites you. The kobold misses you. The quokka bites you.
You are too injured to fight recklessly!
You hit the kobold. You claw the kobold, but do no damage.
You punch the kobold.
You kill the kobold!
The quokka bites you.
* * * LOW HITPOINT WARNING * * *
The quokka bites you.
* * * LOW HITPOINT WARNING * * *
Things that are here:
a +0 short sword; a kobold corpse You miss the quokka.
Your kick misses the quokka.
The quokka is severely wounded.
The quokka bites you.
* * * LOW HITPOINT WARNING * * *
You barely miss the quokka.
The quokka is severely wounded.
The quokka bites you.
* * * LOW HITPOINT WARNING * * *
You barely miss the quokka. You claw the quokka, but do no damage.
The quokka is severely wounded.
The quokka barely misses you.
You hit the quokka.
You kill the quokka!
Your transformation is almost over.
A kobold comes into view. It is wielding a +0 dagger.
The kobold shouts!
Things that are here:
a +0 whip; 5 stones A kobold is nearby!
A kobold is nearby!
You closely miss the kobold. The kobold hits you with a +0 dagger.
You die...

.. #.# #. #.# #.
###########'### #.##
#........+8.8'. #..#
#........#...#.
#.###...⌠....##+##.
#).###............. .
##)########....<...
....###@......###.......
.......K#####...########
....$...# ###........#
........# ########.#
......... #.. .........
### .......... #
.......... ...........


You could see a kobold.

Vanquished Creatures
  4 ball pythons (D:1)
  2 endoplasms (D:1)
  A hobgoblin (D:1)
  7 jackals (D:1)
  2 quokkas (D:1)
  2 goblins (D:1)
  3 kobolds (D:1)
21 creatures vanquished.

Notes
Turn   | Place    | Note
-------+----------+-------------------------------------------
     0 | D:1      | ytrimaz the Demonspawn Transmuter began the quest for the
                  | Orb.
     0 | D:1      | Reached XP level 1. HP: 15/15 MP: 3/3
    96 | D:1      | Gained mutation: You have large cloven feet. [demonic
                  | ancestry]
    96 | D:1      | Reached XP level 2. HP: 13/21 MP: 3/5
   284 | D:1      | Reached skill level 3 in Unarmed Combat
   588 | D:1      | Found a faded altar of an unknown god.
   735 | D:1      | HP: 1/21 [quokka (1)]
   740 | D:1      | Slain by a kobold

Illustrated notes

Levels and vault maps discovered:
D:1:      giann_wishing_wells, layout_basic, chequers_ecumenical_altar_twisty

Skill      XL: |  1  2 |
---------------+-------+-----
Dodging        | 2 |  2.2
Unarmed Combat | 3 |  3.4
Fighting       | |  1.2
Spellcasting   | |  2.0
Transmutations | |  1.7

Action                   || total
-------------------------++-------
Melee: Unarmed           ||    62
       Kick              ||    17
       Headbutt          ||     6
       Punch             ||     2
 Cast: Beastly Appendage ||    12
Armor: Robe              ||     8
Dodge: Dodged            ||    38

Table legend: (Time is in decaauts)
 A = Elapsed time spent in this place.
 B = Non-inter-level travel time spent in this place.
 C = Inter-level travel time spent in this place.
 D = Time resting spent in this place.
 E = Time spent auto-exploring this place.
 F = Levels seen in this place.
 G = Mean time per level.
                   A        B        C        D        E       F      G
               +--------+--------+--------+--------+--------+-----+--------+
         Total |    736 |    732 |      4 |      0 |    586 |   1 |  736.0 |
       Dungeon |    736 |    732 |      4 |      0 |    586 |   1 |  736.0 |
               +--------+--------+--------+--------+--------+-----+--------+

Top non-repeatable levels by time:
     D:1: 736 daAuts
